groovejumper, chaotic female elven Wizard ------------ |........%.-## ----- |..........|## |..).##@##########################0## |..+..<....|##u -..>|#u#######################------# |..........|# |...|# # #---------.--- #....[|# ------------# -....#####|`.........`| |.....### # # -----# #|.....`.....| |....|# # ------ ############ #|...-----...| ------# ###|....| # #|...|.{.|...| # #.....| # #|..`.{.{|`..| ##0 |....| # #|...|.{.|...|##################|..^.| # #....-----...|# ###|....| ### |.....`.....|# #+....| # ----- |`.........`|# ------ ###|...| -------------# )-....###################### |...| ----- groovejumper the Thaumaturge Experience level: 8 Strength: 16 Dexterity: 16 Constitution: 12 Intelligence: 20 Wisdom: 11 Charisma: 9 Health: 0(49) Energy: 74(99) AC: 10 Gold: 18 Moves: 4090 Your Inventory: Coins $ - 18 gold pieces Amulets F - an uncursed amulet of ESP Weapons a - a blessed +1 quarterstaff (weapon in hands) M - 13 [blessed +0] darts P - 13 [uncursed +0] crossbow bolts of detonation Y - 10 [uncursed +0] darts Armor b - an uncursed burnt +0 cloak of magic resistance (being worn) z - an uncursed +0 Hawaiian shirt (being worn) Scrolls k - an uncursed scroll of destroy armor v - 2 [uncursed] unlabeled scrolls [of blank paper] E - an uncursed scroll of scare monster G - an uncursed scroll of light O - a [cursed] unlabeled scroll [of blank paper] T - an uncursed scroll of fire Spellbooks l - a blessed spellbook of force bolt t - an uncursed spellbook of identify y - an [uncursed] spellbook of protection Potions g - an uncursed potion of monster detection o - an [uncursed] potion of water w - 2 potions of holy water x - 2 potions of holy water D - an uncursed potion of speed V - an uncursed potion of gain ability Rings d - an uncursed +2 ring of gain wisdom e - an uncursed ring of sustain ability p - a cursed ring of hunger A - an uncursed ring of shock resistance C - an uncursed ring of poison resistance Q - an [uncursed] pearl ring [of stealth] S - an uncursed ring of protection from shape changers Z - an uncursed ring of searching Wands c - an uncursed wand of digging (0:8) r - an uncursed wand of teleportation (0:0) B - an uncursed wand of enlightenment (0:15) R - an uncursed wand of make invisible (0:7) Tools f - an uncursed magic marker (0:52) n - an uncursed wooden flute q - an [uncursed] tin whistle Spells known in the end: Name Level Category Fail Memory a - force bolt 1 attack 0% [|||||||.] b - stone to flesh 3 healing 63% [|||||||.] c - detect food 2 divination 29% [|||||||.] d - sleep 1 enchantment 0% [|||||||.] e - identify 3 divination 63% [|||||||.] f - detect monsters 1 divination 0% [|||||||.] g - slow monster 2 enchantment 0% [||||||||] h - protection 1 clerical 0% [||||||||] i - clairvoyance 3 divination 63% [||||||||] Your skills at the end: Fighting Skills Weapon Skills quarterstaff [Basic / Expert] Spellcasting Skills attack spells [Skilled / Expert] enchantment spells [Basic / Skilled] Final Attributes: You were piously aligned. Hunger level was 1350. Your alignment was 30 / 30. Monster difficulty range was 1 - 8. Level difficulty was 8. You were immune to sleep. You were magic-protected. You saw invisible. You were telepathic. You had infravision. Your luck was zero. You are dead. Vanquished creatures: a small mimic a freezing sphere 2 leprechauns a gnome king a dwarf lord 3 soldier ants a quasit a wood nymph 11 Mordor orcs a rock piercer an enormous rat a pony a fog cloud a shrieker a violet fungus a gnome lord 2 paper golems 3 giant ants a floating eye a kitten a dwarf a kobold shaman 2 hill orcs a rothe a giant bat 2 dwarf zombies 2 iguanas 2 coyotes a large kobold a hobgoblin a brown mold a red mold 18 Keystone Kops 4 geckos 7 jackals 3 foxes 2 sewer rats a grid bug a bat 4 lichens a kobold zombie 6 newts 99 creatures vanquished. Voluntary challenges: You were an atheist. You used a wielded weapon 58 times. You read items or engraved 15 times. You put on armor 6 times. You never genocided any monsters. You never polymorphed an object. You never changed form. You used no wishes. You never wrote Elbereth's name. You never encountered a bones level. You never used any Sokoban shortcuts. Dungeon overview: The Dungeons of Doom: levels 1 to 8 Level 1 a fountain a long staircase Level 3 a general store, a fountain Level 4 a sink a long staircase Level 6 a general store, a fountain Level 7 a general store, some fountains, a sink Level 8 <- You were here many fountains History has recorded: On T:1 you entered the Dungeons of Doom to retrieve the Amulet of Yendor! On T:491 you reached level 2 of The Dungeons of Doom. On T:496 you advanced to experience level 2. On T:853 you advanced to experience level 3. On T:925 you reached level 3 of The Dungeons of Doom. On T:1324 you advanced to experience level 4. On T:1407 you advanced to experience level 5. On T:1555 you reached level 4 of The Dungeons of Doom. On T:1629 you advanced to experience level 6. On T:1995 you reached level 5 of The Dungeons of Doom. On T:2689 you advanced to experience level 7. On T:2959 you reached level 6 of The Dungeons of Doom. On T:3223 you reached level 7 of The Dungeons of Doom. On T:3554 you advanced to experience level 8. On T:3646 you reached level 8 of The Dungeons of Doom. On T:4033 you received advice from The Oracle. Latest messages: You are still in a pit. [HP+1=30] You are still in a pit. You crawl to the edge of the pit. [HP+1=31] [HP+1=32] [HP+1=33] [HP+1=34] [HP+1=35] The white unicorn butts! The white unicorn kicks! The white unicorn butts! The white unicorn kicks! [HP-20=15] The spell hits the white unicorn! The white unicorn resists! The white unicorn butts! The white unicorn kicks! The white unicorn butts! You die... Final status: Goodbye groovejumper the Wizard... You died in The Dungeons of Doom on dungeon level 8 with 5113 points, and 18 pieces of gold, after 4090 moves. You were level 8 with a maximum of 49 hit points when you died.